 Dungeon Crawl Stone Soup version 0.18.1-48-g4cf74bf (webtiles) character file.

44 setisgood the Ducker (level 3, -1/17 HPs)
             Began as a Felid Berserker on Aug 17, 2016.
             Was a Believer of Trog.
             Slain by an adder (4 damage)
             ... on level 2 of the Dungeon.
             The game lasted 00:04:22 (1201 turns).

setisgood the Ducker (Felid Berserker)              Turns: 1201, Time: 00:04:23

Health: -1/17      AC:  1    Str: 14    XL:     3   Next: 41%
Magic:  4/4        EV: 19    Int:  8    God:    Trog [**....]
Gold:   73         SH:  0    Dex: 15    Spells: 0 memorised, 2 levels left
                                        Lives:  0   Deaths: 0

rFire  . . .     SeeInvis +       - Unarmed
rCold  . . .     Gourm    .     (armour unavailable)
rNeg   . . .     Faith    .     (shield unavailable)
rPois  .         Spirit   .     (helmet unavailable)
rElec  .         Dismiss  .     (cloak unavailable)
rCorr  .         Reflect  .     (gloves unavailable)
SustAt .         Harm     .     (boots unavailable)
MR     .....                    (no amulet)
Stlth  ++........               (no ring)
                                (no ring)

@: lethally poisoned (-1 -> -6), quick, not resistant to hostile enchantments,
unstealthy
A: no armour, no weapons or thrown items, claws 1, fangs 3, see invisible,
carnivore 3, speed 1, shaggy fur 1, slow metabolism 1, sharp paws
a: Berserk, Trog's Hand, Burn Spellbooks, Renounce Religion


You were on level 2 of the Dungeon.
You worshipped Trog.
Trog was pleased with you.
You were completely stuffed.

You visited 1 branch of the dungeon, and saw 2 of its levels.

You collected 73 gold pieces.

Inventory:

Wands
 g - a wand of lightning (9/15)
Scrolls
 b - a scroll of teleportation {unknown}
 c - a scroll of amnesia {unknown}
 e - a scroll of identify {unknown}
 f - a scroll of magic mapping {unknown}
Potions
 h - a potion of lignification {unknown}
 i - a potion of curing {unknown}
Comestibles
 a - 3 meat rations
 d - 4 chunks of flesh


   Skills:
 + Level 3.4 Fighting
 * Level 4.8 Dodging
 + Level 1.7 Stealth
 + Level 3.3 Unarmed Combat


You had 2 spell levels left.
You didn't know any spells.

Dungeon Overview and Level Annotations

Branches:
Dungeon (2/15)

Altars:


Innate Abilities, Weirdness & Mutations

You cannot wear armour.
You are incapable of wielding weapons or throwing items.
You have sharp claws.
You have razor-sharp teeth.
You have supernaturally acute eyesight.
You are carnivorous and can eat meat at any time.
You cover ground quickly.
You are covered in fur (AC +1).
You have a slow metabolism.
Your sharp claws are effective at attacking unaware monsters.


Message History

You see here a goblin corpse.
The adder bites you.
You closely miss the adder. Your bite misses the adder. The adder bites you.
You are poisoned.
The adder poisons you! The adder completely misses you.
You barely miss the adder.
You feel sick. The adder barely misses you.
You barely miss the adder.
You feel sick. The adder bites you but does no damage.
You scratch the adder.
The adder is moderately wounded.
The adder barely misses you. The adder bites you.
* * * LOW HITPOINT WARNING * * *
You barely miss the adder.
The adder is moderately wounded.
The adder misses you.
You barely miss the adder.
The adder is moderately wounded.
* * * LOW HITPOINT WARNING * * *
You feel sick. The adder bites you.
You die...

.# #.# ##.# #....).#
<# #.# #.# #......#
.#######.# #.## #
#...%..## .........#
#####..#.# #........
#........###......#.#
#......##
#...................#
#####.##
#........###....†...#
#.# #........#
#.....#..#########.#
#.......)#
#....@#..##......#.#
#........#
#.!.S.##>##......#.#
#........# #.....#
###......#.###
#........# #...!.#
#......#.#..
#........# #.....#
#........#.# ........#
#.....# #......###.#
.........# #######
###.#### #.#
.........#############
#.# #.#
.................
...###)# #.#


You could see an adder.

Vanquished Creatures
  A worm (D:2)
  2 dart slugs
  A giant gecko (D:1)
  2 giant cockroaches (D:1)
  4 goblins
  8 hobgoblins
  3 jackals (D:2)
  A ball python (D:2)
  A bat (D:2)
  3 giant newts (D:1)
  3 kobolds
  4 rats
33 creatures vanquished.

Notes
Turn   | Place    | Note
--------------------------------------------------------------
     0 | D:1      | setisgood the Felid Berserker began the quest for the Orb.
     0 | D:1      | Reached XP level 1. HP: 10/10 MP: 2/2
   177 | D:1      | Reached XP level 2. HP: 13/14 MP: 3/3
   277 | D:1      | Reached skill level 1 in Stealth
   746 | D:2      | Reached XP level 3. HP: 13/17 MP: 4/4
   970 | D:2      | Reached ** piety under Trog
  1201 | D:2      | Slain by an adder

Skill      XL: |  1  2 |
---------------+-------+-----
Stealth        | 1 |  1.7
Fighting       | |  3.4
Dodging        | |  4.8
Unarmed Combat | |  3.3

Action                   || total
-------------------------++-------
Melee: Unarmed           ||    75
       Bite              ||     8
Invok: Burn Spellbooks   ||     1
 Stab: Sleeping          ||     6
  Eat: Chunk             ||     8
Armor: Skin              ||     3
Dodge: Dodged            ||    51
